[Event "Early-Titled-Tuesday-Blitz-October-10-2023"]
[Site "Chess.com"]
[Date "2023.10.10"]
[Round "8"]
[White "xamax2000"]
[Black "Iball95"]
[Result "0-1"]
[WhiteElo "2864"]
[BlackElo "2822"]
[TimeControl "180+1"]
[EndTime "9:28:42 PDT"]
[Termination "Iball95 won by resignation"]

1. Nf3 d5 2. g3 Nf6 3. Bg2 c5 4.
O-O Nc6 5. d3 g6 6. Nbd2 Bg7 7. e4 O-O 8. h3 e6 9. Re1 b6 10. exd5 exd5 11. d4 Bb7 12. b3 Ne4 13.
Bb2 Re8 14. c3 Rc8 15. Rc1 cxd4 16. cxd4 Nb4 17. Rxc8 Qxc8 18. Ne5 Bxe5 19. dxe5 Nd3 20. Nxe4 dxe4 21. Re2 Nxb2 22. Rxb2 Rxe5 23. Rd2 Qc5 24. Rd8+ Kg7 25. Rd7 Re7 26. Qa1+ f6 27. Qd1 Bc6 28. Rxe7+ Qxe7 29. Qd4 Bb7 30. h4 Kf7 31. Qc4+ Qe6 32. Qc7+ Qe7 33. Qc4+ Kg7 34. Qd4 Kf8 35. b4 Ke8 36. a3 Kf7 37. Qc4+ Kg7 38. Qd4 Kg8 39. Kf1 f5 40. Ke1 Bc8 41. Bf1 Be6 42. Bb5 Bf7 43.
Ke2 Qc7 44. Kd2 a5 45. Be2 axb4 46. axb4 h5 47. Bd1 Kh7 48. Be2 Bg8 49. Bd1 Bc4 50.
Ke3 Bf7 51. Kd2 Qa7 52. Ke3 Qa3+ 53. Kf4 Qa7 54. Qd6 b5 55. Kg5 Qxf2 56. Kf6 Qa7 57.
Qf8 Bc4 58. Bxh5 gxh5 59. Kg5 Qf7 60. Qh6+ Kg8 61. Qb6 Qe7+ 62. Kxh5 Bf7+ 63. Kh6 Qe6+ 64. Qxe6 Bxe6 65. Kg5 e3 0-1

[Event "Early-Titled-Tuesday-Blitz-October-10-2023"]
[Site "Chess.com"]
[Date "2023.10.10"]
[Round "8"]
[White "crazy_m_attack"]
[Black "Alphafischer2019"]
[Result "0-1"]
[WhiteElo "2421"]
[BlackElo "2578"]
[TimeControl "180+1"]
[EndTime "9:28:47 PDT"]
[Termination "Alphafischer2019 won on time"]

1. e4 c5 2. Nf3 Nc6 3. d4 cxd4 4. Nxd4 g6 5. Nc3 Bg7 6. Be3 Nf6 7. Be2 O-O 8. Nb3 d6 9. O-O a5 10. a4 Be6 11. f4 Nb4 12. Bf3 Qc8 13. h3 Bc4 14.
Rf2 Rd8 15. Rd2 Nc6 16. Nd4 Nb4 17. Ndb5 Nc6 18. Bb6 Rf8 19. Nd5 Bxd5 20. exd5 Nb4 21. c3 Na6 22. Qe2 Qd7 23. Re1 Rfe8 24. Bxa5 Nc5 25.
Bb4 Nxa4 26. Nd4 Nc5 27. Bxc5 dxc5 28. Nb3 Rac8 29. c4 Qd6 30. Qe5 Nd7 31. Qxd6 exd6 32. Rde2 Rxe2 33. Rxe2 Nb6 34. Na5 Rb8 35. b3 Bd4+ 36.
Kh2 Kf8 37. Ra2 Ra8 38. Be4 Bc3 39. Rc2 Bxa5 40. Bf3 Bb4 41. Bg4 Ra3 42. Re2 f5 43. Bf3 Rxb3 44. Re6 Nxc4 45. Be2 Re3 46. Bxc4 Rxe6 47.
dxe6 Be1 48. g4 Ke7 49. Kg2 b5 50. Bxb5 Kxe6 51. Kf3 d5 52. Ba6 Bc3 53. Bc8+ Kf6 54. Bb7 Ke6 55. Bc8+ Kd6 56. gxf5 gxf5 57. Bxf5 h6 58.
Kg4 c4 59. Kh5 Bd2 60. Kxh6 Bxf4+ 61. Kg6 d4 62. Be4 d3 63. Kf5 Bg3 64. Kg4 Be1 65.
Kf3 Bd2 66. h4 Ke5 67. h5 Kd4 68. Bf5 c3 69. Bxd3 Kxd3 0-1

[Event "Early-Titled-Tuesday-Blitz-October-10-2023"]
[Site "Chess.com"]
[Date "2023.10.10"]
[Round "8"]
[White "PeshkaCh"]
[Black "Let_it_be_1"]
[Result "1-0"]
[WhiteElo "2808"]
[BlackElo "2549"]
[TimeControl "180+1"]
[EndTime "9:28:54 PDT"]
[Termination "PeshkaCh won on time"]

1. Nf3 d5 2. d4 e6 3. c4 Nf6 4. Nc3 Be7 5. Bg5 Nbd7 6. cxd5 exd5 7.
e3 c6 8. Bd3 O-O 9. O-O Re8 10.
a3 a5 11. Rb1 Ne4 12. Bxe7 Qxe7 13. Bxe4 dxe4 14. Nd2 Nf6 15. Nc4 Bf5 16. b4 axb4 17. axb4 b5 18. Na5 Qd6 19. h3 Nd7 20. Ne2 Nb6 21.
Qc2 Rec8 22. Qc5 Qxc5 23. dxc5 Nd5 24. Nd4 Bd7 25. Nb7 Ra4 26. Nd6 Rca8 27. Nxe4 Rxb4 28. Ra1 Rba4 29. Rad1 f5 30. Nd6 Nc3 31. Rd3 Ra3 32. Kh2 g6 33. Nc2 Rb3 34. Ra1 Rxa1 35. Nxa1 Rb1 36.
Rxc3 Rxa1 37. Rd3 Be6 38. Rd4 Ra4 39. Rd2 b4 40. e4 b3 41. exf5 gxf5 42. Re2 Bd5 43.
Re8+ Kg7 44. Nxf5+ Kf6 45. Ne3 Rb4 46. Nxd5+ cxd5 47. c6 b2 48. c7 Rc4 49. Rb8 Rxc7 50. Rxb2 Ke5 51. Re2+ Kd4 52. Rd2+ Ke4 53. f3+ Ke5 54. Kg3 d4 55. Kf2 Rc3 56. Ra2 Rc7 57. Ra5+ Kd6 58. Ke2 Rc2+ 59. Kd3 Rxg2 60. Rh5 Rg3 61. Ke4 d3 62. Kxd3 Rxf3+ 63. Ke4 Rf7 64. Ra5 Ke6 65. Ra6+ Ke7 66. h4 Kf8 67. h5 Rf1 68. Ra7 Kg8 69. Ra8+ Kg7 70. Ra6 h6 71. Ke5 Rg1 72. Ra7+ Kh8 73.
Kf6 Rg5 74. Rb7 1-0

[Event "Early-Titled-Tuesday-Blitz-October-10-2023"]
[Site "Chess.com"]
[Date "2023.10.10"]
[Round "8"]
[White "Orest_Vovk"]
[Black "carokannlover213"]
[Result "0-1"]
[WhiteElo "2525"]
[BlackElo "2724"]
[TimeControl "180+1"]
[EndTime "9:28:55 PDT"]
[Termination "carokannlover213 won on time"]

1. h4 g6 2. h5 gxh5 3. e4 d5 4. exd5 Nf6 5. Nc3 Bg4 6. Be2 Rg8 7. d4 Nxd5 8. Bxg4 Rxg4 9. g3 Nc6 10. Rxh5 Nf6 11.
d5 Rd4 12. Qe2 Nxd5 13. Ne4 Rxe4 14. Qxe4 Nf6 15. Qe2 Nd4 16. Qd1 Nxh5 17. c3 Nxg3 18. cxd4 Nf5 19. Be3 e6 20. Qb3 Qd5 21. Qxd5 exd5 22.
O-O-O c6 23. Nf3 Nxe3 24. fxe3 h6 25. Rh1 f6 26. Nh4 Kf7 27. Nf5 Re8 28. Kd2 h5 29. Kd3 Kg6 30. Nh4+ Kg5 31. Nf3+ Kg4 32. Ke2 Bh6 33.
Rg1+ Kf5 34. Nh4+ Ke6 35. Kf3 Bg5 36. Ng2 Kf5 37. Rh1 Kg6 38. Rg1 Re4 39. Nf4+ Kh6 40. Rg2 f5 41. Rh2 Bxf4 42. exf4 Rxd4 43. Rg2 Rd3+ 44. Ke2 Rd4 45. Ke3 Re4+ 46. Kf3 Re6 47. Rg5 Rf6 48. Rg8 Rf7 49. Rh8+ Kg6 50. Ra8 a6 51.
Rg8+ Kf6 52. Rh8 Kg6 53. Rg8+ Rg7 54. Rf8 Re7 55. Rg8+ Kh6 56. Rh8+ Kg7 57. Rxh5 Kg6 58. Rg5+ Kf6 59. Rh5 d4 60. Rh6+ Kg7 61. Rd6 Re3+ 62. Kf2 Re4 63. Kf3 Kf7 64. Rd7+ Ke6 65. Rxb7 Re3+ 66.
Kf2 Rh3 67. Kg2 Rd3 68. Rb6 Kd5 69. Kf2 Rd2+ 70. Kf3 a5 71. a4 c5 72. b3 Rb2 73. Rb5 d3 74. Ke3 d2 75. Ke2 Kd4 76. Kd1 Kd3 77. Rxc5 Rb1+ 0-1

[Event "Early-Titled-Tuesday-Blitz-October-10-2023"]
[Site "Chess.com"]
[Date "2023.10.10"]
[Round "8"]
[White "a-z30"]
[Black "VOneChess"]
[Result "1-0"]
[WhiteElo "2474"]
[BlackElo "2240"]
[TimeControl "180+1"]
[EndTime "9:28:58 PDT"]
[Termination "a-z30 won by resignation"]

1. d4 Nf6 2. c4 c5 3. Nf3 cxd4 4. Nxd4 Nc6 5. g3 g6 6. Bg2 Bg7 7. O-O O-O 8. Nc3 a6 9. Nb3 Qc7 10. Bf4 d6 11. c5 Rd8 12. cxd6 exd6 13. Rc1 Bg4 14. h3 Be6 15. Nd4 Nxd4 16. Qxd4 Nh5 17. Qd2 Nxf4 18. Qxf4 Rac8 19. Nd5 Qd7 20. Nb6 Rxc1 21.
Nxd7 Rxf1+ 22. Kxf1 Rxd7 23. h4 Bxb2 24. Qd2 Be5 25. Qc2 Kg7 26. Kg1 Bd4 27. e3 Bc5 28. Qc3+ Kg8 29. h5 gxh5 30. Qf6 Bxa2 31. Bh3 Be6 32. Bxe6 fxe6 33. Qxe6+ Rf7 34. Qh3 b5 35. Qxh5 b4 36. Qd5 Kg7 37. Kg2 a5 38. Qg5+ Kf8 39. Qd8+ Kg7 40. Qxa5 Rb7 41. Qa6 Rb6 42. Qa7+ Kg6 43. g4 b3 44. Qd7 b2 45. Qf5+ Kg7 46.
Qb1 Rb4 47. f4 Bxe3 48. f5 Bf4 49. Kh3 Be5 50. g5 Rb3+ 51. Kg2 Rg3+ 52. Kf2 Rc3 53.
f6+ Kf7 54. Qxh7+ Ke6 55. Qe7+ Kd5 56. Qb7+ Kd4 57. f7 Rc2+ 58. Kf3 Rc1 59. Qxb2+ Rc3+ 60. Qxc3+ Kxc3 61. f8=Q d5 62. Qf5 d4 63. g6 Bd6 64.
Qc8+ Kd2 65. Qh3 d3 66. Qg2+ Kc3 67. Qf1 Be5 68. Qd1 d2 69. Kg4 Bd4 70. Kf5 Kd3 71. Ke6 Ke3 72. Kf7 Kd3 73. g7 Bxg7 74. Kxg7 Kc3 75.
Kg6 1-0

[Event "Early-Titled-Tuesday-Blitz-October-10-2023"]
[Site "Chess.com"]
[Date "2023.10.10"]
[Round "8"]
[White "Javylavilla"]
[Black "HeinichessPY"]
[Result "1/2-1/2"]
[WhiteElo "2373"]
[BlackElo "2214"]
[TimeControl "180+1"]
[EndTime "9:29:10 PDT"]
[Termination "Game drawn - insufficient material"]

1. e4 c5 2. Nf3 Nc6 3. d4 cxd4 4. Nxd4 g6 5. Nc3 Bg7 6. Be3 Nf6 7. Bc4 O-O 8. h3 Nxe4 9. Bxf7+ Rxf7 10. Nxe4 Nxd4 11.
Bxd4 d5 12. Ng5 Qa5+ 13. c3 Rf4 14. Bxg7 Kxg7 15. Qe2 Qc7 16. O-O Qd6 17. Rfe1 h6 18.
Nf3 Rf7 19. Ne5 Rf6 20. Rad1 e6 21. c4 Bd7 22. cxd5 exd5 23. Nc4 Qc5 24. Qe7+ Qxe7 25. Rxe7+ Rf7 26. Rxf7+ Kxf7 27. Rxd5 Be6 28. Rc5 Bxc4 29. Rxc4 Rd8 30. Rc7+ Kf6 31. Rxb7 Rd2 32. a4 a5 33. Rb6+ Kf5 34. Rb5+ Ke4 35. Rxa5 Rxb2 36. Ra6 Kf5 37. g4+ Kf4 38. Rxg6 Ra2 39. Rxh6 Rxa4 40. Kg2 Kg5 41. Rh5+ Kg6 42. Kg3 Ra3+ 43. f3 Ra1 44.
Rb5 Kg7 45. h4 Rg1+ 46. Kf4 Rc1 47. h5 Rc4+ 48. Kg5 Rc7 49. f4 Kh7 50. f5 Rg7+ 51. Kf6 Rxg4 52. Rb7+ Kh6 53. Rb8 Kh7 54. Kf7 Rg5 55. f6 Rxh5 56. Rg8 Ra5 57. Rg7+ Kh8 58. Rg2 Ra7+ 59. Kg6 Kg8 60. Rc2 Ra8 61. f7+ Kf8 62. Rc6 Rd8 63. Re6 Ra8 64. Rf6 Rd8 65. Kf5 Ra8 66. Kg6 Rc8 67. Rb6 Ra8 68. Kf6 Rc8 69.
Re6 Ra8 70. Re4 Rc8 71. Ke6 Ra8 72. Rd4 Ra6+ 73. Rd6 Rxd6+ 74. Kxd6 Kxf7 1/2-1/2

[Event "Early-Titled-Tuesday-Blitz-October-10-2023"]
[Site "Chess.com"]
[Date "2023.10.10"]
[Round "8"]
[White "soumeow"]
[Black "MMAHDI2013"]
[Result "1/2-1/2"]
[WhiteElo "2306"]
[BlackElo "2476"]
[TimeControl "180+1"]
[EndTime "9:29:11 PDT"]
[Termination "Game drawn by repetition"]

1. e4 c6 2. d4 d5 3. e5 c5 4. dxc5 e6 5. a3 Bxc5 6. Nf3 Ne7 7. b4 Bb6 8. Bd3 a5 9. Bb2 axb4 10.
axb4 Rxa1 11. Bxa1 Ng6 12. O-O O-O 13. c4 Nf4 14. c5 Bc7 15. Bc2 Nd7 16. g3 Ng6 17.
Re1 f6 18. exf6 Nxf6 19. Nbd2 Bd7 20. Qb1 Qe8 21. h4 Kh8 22. Nb3 Ba4 23. Bxg6 Qxg6 24. Qxg6 hxg6 25. Nbd4 e5 26. Ne6 Rf7 27. Nxc7 Rxc7 28.
Nxe5 Kh7 29. Bd4 Ne4 30. Nd3 Nd2 31. Kg2 Bc2 32. Nf4 Be4+ 33. Kh3 Nf3 34. Rc1 Rc8 35. b5 Nxd4 36. g4 Bf3 37. Kg3 Ne2+ 38. Nxe2 Bxe2 39. c6 bxc6 40. bxc6 Bb5 41. c7 d4 42. Kf4 Bd7 43. g5 Kg8 44. Ke4 Kf7 45. Kxd4 Ke7 46. Kd5 Be6+ 47. Ke5 Bf5 48. Rc5 Kd7 49. h5 Rxc7 50.
Rd5+ Ke7 51. hxg6 Bxg6 52. f4 Rc2 53. f5 Re2+ 54. Kf4 Bf7 55. Re5+ Rxe5 56. Kxe5 Kf8 57. f6 g6 58. Kd6 Ke8 59. Kc7 Bg8 60. Kd6 Kd8 61.
Kc6 Bf7 62. Kd6 Bc4 63. Kc6 Ke8 64. Kd6 Kf7 65. Kd7 Bb3 66. Kd6 Be6 67. Ke5 Bf5 68.
Kd6 Ke8 69. Kc7 Be4 70. Kd6 Bd3 71. Kc7 Bc4 72. Kd6 Kd8 73. Kc6 Bf7 74. Kd6 Bg8 75. Kc6 Bf7 1/2-1/2

[Event "Early-Titled-Tuesday-Blitz-October-10-2023"]
[Site "Chess.com"]
[Date "2023.10.10"]
[Round "8"]
[White "RETURNOFTHELAGGER"]
[Black "remi04"]
[Result "0-1"]
[WhiteElo "2692"]
[BlackElo "2867"]
[TimeControl "180+1"]
[EndTime "9:29:26 PDT"]
[Termination "remi04 won by resignation"]

1. e4 c5 2. Nf3 d6 3. c3 Nf6 4. Be2 Nc6 5. d4 Bg4 6. d5 Bxf3 7. Bxf3 Nb8 8. O-O g6 9. Re1 Nbd7 10. e5 Nxe5 11. Be2 Bg7 12. f4 Ned7 13. h3 O-O 14. Be3 Qb6 15. b3 Qa5 16. Bf3 b5 17. Qc2 Nb6 18. Nd2 Nbxd5 19. Bf2 Rab8 20. f5 Qxc3 21.
Qd1 Qa5 22. fxg6 hxg6 23. Nf1 e6 24. Bg3 Rbd8 25. a4 b4 26. Rc1 Nc3 27. Qd2 e5 28.
Ne3 e4 29. Nc4 Qa6 30. Be2 d5 31. Ne3 Qe6 32. Nd1 Nd7 33. Nxc3 bxc3 34. Rxc3 Bxc3 35. Qxc3 d4 36. Qa5 Qxb3 37. Bd6 Rfe8 38. Bb5 e3 39. Bc7 d3 40. Bxd8 d2 41. Bh4 dxe1=Q+ 42. Bxe1 Qd5 43. Qxa7 Re7 44. Bh4 g5 45. Bg3 e2 46.
Be1 Qd1 47. Kf2 Kg7 48. Bxd7 Rxd7 49. Qxc5 Rd5 50. Qc3+ Kg6 51. g4 Qxa4 52. Qe3 Qf4+ 53. Qxf4 gxf4 54. Kxe2 f5 55. Kf3 Rd4 56. Bf2 Re4 57.
Bg1 Rc4 58. Bh2 Kg5 59. gxf5 Kxf5 60. h4 Rc3+ 61. Kg2 Kg4 62. h5 f3+ 63. Kf2 Rc2+ 64. Kg1 Kh3 65. Bf4 Kg4 66. Be3 Kxh5 67. Bf2 Kg4 68. Be1 Rg2+ 69. Kf1 Re2 70. Bf2 Kf4 71.
Be1 Ke4 72. Bh4 Ke3 73. Bg5+ Kd3 74. Bh4 Rg2 75. Bf6 Ke3 76. Bh4 Rg4 77. Be7 Ke4 78. Bc5 Rg6 79. Bf2 Rc6 80. Bh4 Rc1+ 81. Kf2 Rc2+ 82.
Kf1 Rg2 83. Be7 Rd2 84. Bc5 Rc2 85. Bb4 Ke3 86. Bc5+ Rxc5 87. Kg1 Rc1+ 0-1

[Event "Early-Titled-Tuesday-Blitz-October-10-2023"]
[Site "Chess.com"]
[Date "2023.10.10"]
[Round "8"]
[White "ChessFighter_2011"]
[Black "vishwa_vijeta"]
[Result "1-0"]
[WhiteElo "2860"]
[BlackElo "2553"]
[TimeControl "180+1"]
[EndTime "9:29:26 PDT"]
[Termination "ChessFighter_2011 won on time"]

1. c4 Nf6 2. Nc3 g6 3. Nf3 Bg7 4. g3 O-O 5. Bg2 c6 6. O-O d5 7. cxd5 cxd5 8. d4 Nc6 9. Ne5 Qb6 10. Nxc6 Qxc6 11. Bf4 Be6 12. Rc1 Qd7 13. Qb3 Rac8 14. Be5 Ne4 15. Bxg7 Nxc3 16. Rxc3 Rxc3 17. Qxc3 Kxg7 18.
Qa3 b6 19. Rc1 Rc8 20. Rc3 Rxc3 21. Qxc3 Qb5 22. Bf1 Qa4 23. e4 Qd1 24. exd5 Bxd5 25. a3 Qb1 26. f3 Qd1 27. Kf2 e6 28. h4 h5 29. Qe3 Qc2+ 30. Qe2 Qc1 31. Qe5+ Kh7 32.
Qe2 Qc7 33. Qd2 Qc6 34. Be2 Qa4 35. Qf4 Kg7 36. Qe5+ Kh7 37. Qc7 Qxd4+ 38. Kg2 Kg7 39. Qc1 e5 40. Kf1 e4 41. fxe4 Qxe4 42. Qc3+ Kh7 43.
Qc7 Qg2+ 44. Ke1 Qg1+ 45. Kd2 Qd4+ 46. Kc1 Qe3+ 47. Kd1 Bb3+ 48. Ke1 Qg1+ 49. Kd2 Qd4+ 50. Ke1 Qxb2 51. Qxa7 Qc3+ 52. Kf2 Qd4+ 53. Kf1 Be6 54.
Qc7 Bh3+ 55. Ke1 Qg1+ 56. Kd2 Be6 57. Qd6 Qa1 58. Bd3 Qb2+ 59. Ke3 Qc1+ 60. Kd4 Qg1+ 61. Kc3 Qe1+ 62. Kd4 Qa5 63. Ke3 Qe1+ 64. Kd4 Qf2+ 65. Kc3 Qf6+ 66. Qd4 Qe7 67. a4 Qc7+ 68. Kd2 Qxg3 69.
Qxb6 Qxh4 70. a5 Qh2+ 71. Kc3 Qe5+ 72. Kd2 h4 73. a6 Bd5 74. a7 h3 75. Qa5 Qf4+ 76.
Kc3 Qf3 77. Qc7 Be4 78. Qd6 1-0

[Event "Early-Titled-Tuesday-Blitz-October-10-2023"]
[Site "Chess.com"]
[Date "2023.10.10"]
[Round "8"]
[White "mr_gustavo"]
[Black "DonJuanEGenaro"]
[Result "1-0"]
[WhiteElo "2642"]
[BlackElo "1900"]
[TimeControl "180+1"]
[EndTime "9:29:31 PDT"]
[Termination "mr_gustavo won on time"]

1. h4 d5 2. e3 e5 3. h5 h6 4. d4 exd4 5. exd4 Nf6 6. Be2 Bf5 7. Bf4 Bd6 8. Bxd6 Qxd6 9. Nd2 O-O 10. Ngf3 c5 11. dxc5 Qxc5 12. c3 Nc6 13. Nb3 Qd6 14. Nbd4 Bg4 15. O-O Bxh5 16. a4 Rfe8 17. Re1 Nxd4 18.
Nxd4 Bxe2 19. Rxe2 Rxe2 20. Qxe2 Re8 21. Qb5 Qd7 22.
Qxd7 Nxd7 23. a5 Nc5 24. Nb5 a6 25. Nc7 Re2 26. b4 Ne4 27. Nxd5 Nxf2 28. c4 Ng4 29. Kf1 Rf2+ 30. Kg1 Rc2 31. c5 Rd2 32. c6 bxc6 33. Ne7+ Kh7 34. Nxc6 Ne3 35. b5 Rxg2+ 36. Kh1 Rc2 37.
b6 Rb2 38. Re1 Nd5 39. Ne5 Nxb6 40. axb6 Rxb6 41. Nxf7 a5 42. Ra1 Ra6 43. Ra4 g5 44. Kg2 Kg6 45. Ne5+ Kf5 46. Nf3 h5 47. Kg3 h4+ 48.
Kf2 Ra7 49. Nd4+ Kg6 50. Kf3 Kh5 51. Nf5 g4+ 52. Kf4 h3 53. Kg3 Kg5 54. Ne3 h2 55. Kxh2 Kh5 56. Kg3 Kg5 57. Nxg4 Kf5 58. Ne3+ Ke5 59.
Kf3 Kd6 60. Ke4 Kc5 61. Nd1 Kb5 62. Nc3+ Kc5 63. Kd3 Ra8 64. Rc4+ Kd6 65. Rh4 a4 66. Nxa4 Kd5 67. Rh5+ Kc6 68. Nc3 Ra3 69. Kc4 Ra1 70. Rh6+ Kd7 71. Kc5 Rc1 72. Kd4 Rc2 73. Ne4 Ra2 74.
Kd5 Ke7 75. Rh7+ Kf8 76. Ke6 Ra6+ 77. Nd6 Kg8 78. Rb7 Ra1 79. Kf6 Rf1+ 80. Nf5 Rc1 81. Ne7+ Kh7 82. Nf5+ Kg8 83. Rg7+ Kf8 84. Rf7+ Ke8 85.
Nd6+ Kd8 86. Ra7 Rf1+ 87. Ke5 Re1+ 88. Kd5 Rd1+ 89. Ke5 Re1+ 90. Ne4 1-0

[Event "Early-Titled-Tuesday-Blitz-October-10-2023"]
[Site "Chess.com"]
[Date "2023.10.10"]
[Round "8"]
[White "ChessQueen"]
[Black "Sergey85Rodchenkov"]
[Result "1/2-1/2"]
[WhiteElo "2708"]
[BlackElo "2503"]
[TimeControl "180+1"]
[EndTime "9:30:33 PDT"]
[Termination "Game drawn by repetition"]

1. e4 c5 2. c3 Nf6 3. e5 Nd5 4. Nf3 d6 5. Bb5+ Nc6 6. O-O e6 7. d4 a6 8. Bxc6+ bxc6 9. exd6 Bxd6 10. dxc5 Bxc5 11. Nbd2 O-O 12. Ne4 Be7 13. Qc2 h6 14. Rd1 Qc7 15. c4 Nf6 16. Nxf6+ Bxf6 17. c5 e5 18. Be3 Rb8 19. h3 Be6 20. Rd6 Be7 21.
Rxe6 fxe6 22. b3 Bf6 23. Re1 Rbd8 24. Qc4 Qd7 25. Qxa6 e4 26. Nh2 Bd4 27. Qc4 Bxe3 28. Rxe3 Qd2 29. Qe2 Qxe2 30. Rxe2 Rd5 31. Rxe4 Rxc5 32.
Nf3 Rc1+ 33. Kh2 Rc2 34. Kg3 Rxa2 35. Rxe6 Rb2 36. Rxc6 Rxb3 37. h4 Rb7 38. Kh3 Re7 39. Rc3 Rfe8 40. g3 Rd7 41. Kg2 Rdd8 42. Rc2 Rf8 43.
Ne5 Rc8 44. Rb2 Rfe8 45. Ng6 Rb8 46. Ra2 Kh7 47. Nf4 Ra8 48. Rd2 Re7 49. Rc2 Rb7 50. Rd2 Rab8 51. Rc2 Rb2 52. Rc7 Re8 53. h5 Ra8 54.
Ng6 Raa2 55. Rf7 Rb8 56. Nh4 Raa8 57. Rf5 Rf8 58. Re5 Ra2 59. Nf3 Rf6 60. Rd5 Ra3 61.
Ne5 Ra2 62. Ng4 Rf7 63. Rd8 Rfa7 64. Rd5 Ra8 65. Rd7 Rf8 66. Kh3 Ra1 67. Kg2 Re1 68.
Rd5 Re6 69. Rc5 Rf7 70. Rd5 Re8 71. Ne3 Ra8 72. Rb5 Ra2 73. Ng4 Re2 74. Rc5 Rf8 75. Rd5 Ree8 76. Rc5 Rc8 77. Rd5 Ra8 78. Rb5 Rfb8 79.
Rf5 Rb7 80. Rf4 Rba7 81. Ne3 Ra5 82. g4 Ra3 83. Kg3 Re8 84. Rf3 Re4 85. Rf7 Rea4 86.
Re7 Ra7 87. Re6 R3a6 88. Re5 Rf7 89. Re4 Raf6 90. Nf5 Rc6 91. f3 Rc3 92. Rf4 Rc1 93. Re4 Rg1+ 94. Kf2 Ra1 95. Kg3 Raa7 96. Re6 Rad7 97.
Rg6 Rf6 98. Rxf6 gxf6 99. Nh4 Rd3 100. Ng6 Rd5 101. Nf4 Rg5 102. Ng6 Ra5 103. Nh4 Ra4 104. Nf5 Ra5 105. Kg2 Ra2+ 106. Kg3 Ra4 107. Kf2 Rb4 108. Ke3 Ra4 109. f4 Ra3+ 110. Ke4 Ra1 111. Nd6 Rg1 112. Kf5 Rd1 113. Ne8 Rd5+ 114. Ke6 Rd4 115. Nxf6+ Kg7 116. Ke5 Rd3 117. Nd5 Rg3 118. Kf5 Ra3 119. Nc7 Ra5+ 120. Ke4 Ra7 121. Ne6+ Kf6 122. Nd4 Ra4 123. Ke3 Ra3+ 124. Ke4 Ra4 125. Ke3 Ra3+ 126. Ke4 Ra4 1/2-1/2

[Event "Early-Titled-Tuesday-Blitz-October-10-2023"]
[Site "Chess.com"]
[Date "2023.10.10"]
[Round "9"]
[White "chessculator16"]
[Black "chenrip"]
[Result "0-1"]
[WhiteElo "2305"]
[BlackElo "2490"]
[TimeControl "180+1"]
[EndTime "9:38:58 PDT"]
[Termination "chenrip won by resignation"]

1. d4 d5 2. c4 e5 3. dxe5 d4 4. Nf3 Nc6 5. a3 Be6 6. Qc2 Nge7 7. b4 Ng6 8. Bb2 Ngxe5 9. Nbd2 Qd7 10. Nxd4 Nxd4 11.
Bxd4 Qxd4 12. Rc1 O-O-O 13. e3 Nd3+ 14. Bxd3 Qxd3 15. Qxd3 Rxd3 16. Ke2 Rxa3 17. c5 Be7 18. Rhd1 Rd8 19. Ne4 Ra2+ 20. Kf3 Bd5 21. g4 Bxe4+ 22. Kxe4 Rxd1 23. Rxd1 Rxf2 0-1

[Event "Early-Titled-Tuesday-Blitz-October-10-2023"]
[Site "Chess.com"]
[Date "2023.10.10"]
[Round "9"]
[White "inagreV"]
[Black "angryspacevoid"]
[Result "0-1"]
[WhiteElo "2302"]
[BlackElo "2524"]
[TimeControl "180+1"]
[EndTime "9:39:43 PDT"]
[Termination "angryspacevoid won by resignation"]

1. e4 d5 2. exd5 Nf6 3. Nf3 Bg4 4. h3 Bh5 5. Bb5+ Nbd7 6. Nc3 a6 7. Ba4 b5 8. Bb3 Nc5 9. g4 Bg6 10. Ne5 b4 11. Nc6 Qd6 12. Nxb4 Nxb3 13. axb3 Qxb4 14.
Qf3 Bxc2 15. d3 Bxb3 16. d6 Bd5 0-1

[Event "Early-Titled-Tuesday-Blitz-October-10-2023"]
[Site "Chess.com"]
[Date "2023.10.10"]
[Round "9"]
[White "ajedrezhoy"]
[Black "Cheer_Down"]
[Result "0-1"]
[WhiteElo "2361"]
[BlackElo "2494"]
[TimeControl "180+1"]
[EndTime "9:39:54 PDT"]
[Termination "Cheer_Down won by resignation"]

1. c4 Nf6 2. Nc3 e6 3. Nf3 d5 4. e3 dxc4 5. Bxc4 a6 6. d4 b5 7. Bb3 c5 8. dxc5 Qxd1+ 9. Kxd1 Bxc5 10. a4 b4 11. Ne2 Bb7 12. Ne1 Nc6 13. Nd3 O-O-O 14. Kc2 Rxd3 15. Kxd3 Ne5+ 16. Kd2 Bxg2 17. Rd1 Ne4+ 18. Kc2 Nxf2 19. Nd4 Be4+ 20. Kd2 Nxd1 21. Bxd1 Rd8 0-1

[Event "Early-Titled-Tuesday-Blitz-October-10-2023"]
[Site "Chess.com"]
[Date "2023.10.10"]
[Round "9"]
[White "DarZay"]
[Black "crazy_m_attack"]
[Result "0-1"]
[WhiteElo "2237"]
[BlackElo "2425"]
[TimeControl "180+1"]
[EndTime "9:40:08 PDT"]
[Termination "crazy_m_attack won by resignation"]

1. e4 e5 2. Nf3 Nc6 3. Bc4 Nf6 4.
d3 Be7 5. c3 O-O 6. Bb3 d5 7.
Qe2 Be6 8. Bc2 Qd6 9. Nbd2 dxe4 10. dxe4 Na5 11. b3 Rad8 12. O-O Nh5 13. g3 Bg4 14. Rd1 Qe6 15. Qb5 Nc6 16. Qc4 Qf6 17. Kg2 Be6 18.
Qe2 Qg6 19. Nc4 Qg4 20. Nfxe5 Qxe2 0-1

[Event "Early-Titled-Tuesday-Blitz-October-10-2023"]
[Site "Chess.com"]
[Date "2023.10.10"]
[Round "9"]
[White "Mr_Lion22"]
[Black "UK_23"]
[Result "1-0"]
[WhiteElo "2500"]
[BlackElo "2364"]
[TimeControl "180+1"]
[EndTime "9:40:18 PDT"]
[Termination "Mr_Lion22 won by checkmate"]

1. d4 d5 2. c4 e6 3. Nc3 Nf6 4. cxd5 exd5 5. Bg5 Be7 6. e3 O-O 7. Bd3 Re8 8. Nf3 c6 9. Qc2 Nbd7 10. O-O-O b5 11. g4 b4 12. Na4 Bb7 13. Bxf6 Nxf6 14. Ne5 Qa5 15. g5 Ne4 16. f3 f6 17. gxf6 Nxf6 18.
Rhg1 Rac8 19. Bxh7+ Nxh7 20. Rxg7+ Kxg7 21. Qg6+ Kh8 22.
Nf7# 1-0

[Event "Early-Titled-Tuesday-Blitz-October-10-2023"]
[Site "Chess.com"]
[Date "2023.10.10"]
[Round "9"]
[White "Krlence"]
[Black "JSlaby"]
[Result "0-1"]
[WhiteElo "2451"]
[BlackElo "2588"]
[TimeControl "180+1"]
[EndTime "9:40:19 PDT"]
[Termination "JSlaby won by resignation"]

1. e4 c5 2. Nf3 d6 3. d4 cxd4 4. Nxd4 Nf6 5. Nc3 g6 6. Be3 Bg7 7. f3 Nc6 8. Qd2 Bd7 9. O-O-O Nxd4 10. Bxd4 O-O 11. h4 b5 12. Bxb5 Bxb5 13. Nxb5 Qb8 14. Nc3 Rc8 15. h5 Rc4 16. hxg6 hxg6 17. b3 Nxe4 18.
Bxg7 Nxd2 19. Rh8+ Kxg7 20. Rxb8 Rxb8 21. bxc4 Nxc4 22. Rd4 Ne3 23. g4 Rc8 24. Kd2 Nc4+ 25. Ke2 Ne5 0-1

[Event "Early-Titled-Tuesday-Blitz-October-10-2023"]
[Site "Chess.com"]
[Date "2023.10.10"]
[Round "9"]
[White "DefiantChair"]
[Black "Cayse"]
[Result "0-1"]
[WhiteElo "2632"]
[BlackElo "2850"]
[TimeControl "180+1"]
[EndTime "9:40:23 PDT"]
[Termination "Cayse won by resignation"]

1. e4 e5 2. Nf3 Nc6 3. Bb5 a6 4. Ba4 Nf6 5. O-O Be7 6. Re1 b5 7. Bb3 O-O 8. c3 d6 9. h3 Na5 10. Bc2 c5 11. d4 Qc7 12. Nbd2 Be6 13. b3 cxd4 14. cxd4 Rfc8 15. d5 Bxd5 16. Bd3 Qc3 17.
Qe2 Qxa1 18. Ba3 Qxa2 19. exd5 Qxa3 0-1

[Event "Early-Titled-Tuesday-Blitz-October-10-2023"]
[Site "Chess.com"]
[Date "2023.10.10"]
[Round "9"]
[White "Efremov_Vlad"]
[Black "ArmanGhevondyanchess"]
[Result "1-0"]
[WhiteElo "2384"]
[BlackElo "2565"]
[TimeControl "180+1"]
[EndTime "9:40:29 PDT"]
[Termination "Efremov_Vlad won by resignation"]

1. e4 e6 2. d4 d5 3. e5 c5 4. c3 Bd7 5. Nf3 Nc6 6. Be2 Nge7 7. O-O Nf5 8. dxc5 Bxc5 9. Bd3 Nh4 10. Nbd2 g5 11. Nxh4 gxh4 12. Nf3 Rg8 13. b4 Bb6 14. a4 Qe7 15. a5 Bc7 16. Re1 f6 17. exf6 Qxf6 18. b5 Ne5 19. Nxe5 Bxe5 20. Qh5+ Qg6 21.
Bxg6+ 1-0

[Event "Early-Titled-Tuesday-Blitz-October-10-2023"]
[Site "Chess.com"]
[Date "2023.10.10"]
[Round "9"]
[White "Aleksandar-Topalov"]
[Black "C_K_G"]
[Result "1-0"]
[WhiteElo "2384"]
[BlackElo "1953"]
[TimeControl "180+1"]
[EndTime "9:40:36 PDT"]
[Termination "Aleksandar-Topalov won by checkmate"]

1. b3 d5 2. Bb2 e6 3. Nf3 Nf6 4. e3 Bd6 5. d4 O-O 6. Nbd2 b6 7. Bd3 Bb7 8. O-O Nbd7 9. Ne5 c5 10. f4 a6 11. Nxd7 Qxd7 12. dxc5 Bxc5 13. Bxf6 Bxe3+ 14. Kh1 gxf6 15. Bxh7+ Kxh7 16. Qh5+ Kg7 17. Qg4+ Kh7 18. Rf3 Bxf4 19. Qxf4 Rg8 20. Rh3+ Kg6 21. Qg4# 1-0

[Event "Early-Titled-Tuesday-Blitz-October-10-2023"]
[Site "Chess.com"]
[Date "2023.10.10"]
[Round "9"]
[White "ozates"]
[Black "Zavgorodniy_Sergiy"]
[Result "1-0"]
[WhiteElo "2774"]
[BlackElo "2649"]
[TimeControl "180+1"]
[EndTime "9:40:52 PDT"]
[Termination "ozates won by resignation"]

1. e4 e5 2. Nf3 d6 3. Bc4 Be7 4.
c3 Nf6 5. d3 c6 6. O-O O-O 7. Bb3 Bg4 8. Nbd2 Nbd7 9. h3 Bh5 10.
Re1 Nc5 11. Bc2 Ne6 12. Nf1 Nd7 13. Ng3 Bxf3 14. Qxf3 Bg5 15. Be3 g6 16. Rad1 Qe7 17.
d4 Bxe3 18. fxe3 Qh4 19. Rf1 Ng5 20. Qf2 Rae8 21. Kh2 d5 22. exd5 cxd5 23. Ba4 Re7 24. Bxd7 Rxd7 25. dxe5 Re8 26. Qf4 Qxf4 27. exf4 Ne6 28.
Ne4 1-0